 Dungeon Crawl Stone Soup version 0.28.0-43-g3370ac3207 (webtiles) character file.

Game seed: 18119899366893706135

9139 tizbic2 the Transmogrifier (level 11, -10/132 HPs)
             Began as a White Draconian Venom Mage on Mar 8, 2022.
             Was a High Priest of the Shining One.
             Mangled by Snorg (12 damage)
             ... on level 10 of the Dungeon.
             The game lasted 00:56:03 (8872 turns).

tizbic2 the Transmogrifier (DrVM)                   Turns: 8872, Time: 00:56:05

Health: -10/132    AC: 17    Str: 23    XL:     11   Next: 19%
Magic:  6/21       EV:  8    Int: 23    God:    the Shining One [*****.]
Gold:   100        SH:  0    Dex: 12    Spells: 5/23 levels left

rFire   x . .      SeeInvis .     - Unarmed
rCold   + + .      Faith    .   (shield currently unavailable)
rNeg    + + .      Spirit   .   (armour unavailable)
rPois   +          Reflect  .   (helmet currently unavailable)
rElec   .          Harm     .   (cloak currently unavailable)
rCorr   .          Rampage  .   (gloves currently unavailable)
Will    .....                   (boots currently unavailable)
Stlth   +.........              (no amulet)
HPRegen 0.32/turn               I - ring of wizardry
MPRegen 0.17/turn               E - +6 ring of intelligence

@: short of breath, dragon-form, wereblooded, flying, glowing
A: dragon claw, dragon scales, flying, boosted hp, breathe frost, AC +7, giant,
unfitting armour, (cold resistance 1), (cold-blooded), (shaggy fur 1), subdued
magic 1
a: Breathe Frost, End Transformation, Renounce Religion, Divine Shield,
Cleansing Flame, Summon Divine Warrior


You were on level 10 of the Dungeon.
You worshipped the Shining One.
The Shining One was extremely pleased with you.
You were a fearsome ice dragon!
You visited 1 branch of the dungeon, and saw 10 of its levels.
You also visited: Bailey.

You collected 1050 gold pieces.
You spent 950 gold pieces at shops.

Inventory:

Hand Weapons
 m - a +7 great sword of protection (melded)
Missiles
 c - 340 arrows
 f - 67 sling bullets
 k - 378 stones
 o - 9 boomerangs
 A - 10 poisoned darts
 B - a curare-tipped dart
 D - 2 throwing nets
 F - 4 boomerangs of dispersal
 J - 6 datura-tipped darts
Armour
 e - a +2 cloak (melded)
 g - a +2 pair of boots
 n - the +0 pair of boots "Echuhuub" (melded) {rElec rPois Will- Str+4}
   (You bought it in a shop on level 6 of the Dungeon)

   Str:       It affects your strength (+4).
   rElec:     It insulates you from electricity.
   rPois:     It protects you from poison.
   Will:      It decreases your willpower.
 s - a +2 hat (melded)
Magical Staves
 y - a staff of cold
Jewellery
 d - a ring of protection from cold
 E - a +6 ring of intelligence (right foreclaw)
 I - a ring of wizardry (left foreclaw)
Wands
 a - a wand of flame (4)
 p - a wand of iceblast (10)
 x - a wand of paralysis (1)
Scrolls
 l - 3 scrolls of holy word
 q - 2 scrolls of immolation
 v - a scroll of magic mapping
 w - 3 scrolls of teleportation
 z - 2 scrolls of fear
 C - 4 scrolls of identify
Potions
 b - a potion of flight
 h - 4 potions of attraction
 i - 4 potions of mutation
 j - 4 potions of curing
 r - a potion of magic {unknown}
 u - 2 potions of haste {unknown}
 G - 2 potions of lignification {unknown}
 H - a potion of berserk rage {unknown}
Miscellaneous
 K - a phial of floods


   Skills:
 + Level 5.2 Fighting
 + Level 8.5 Long Blades
 - Level 2.2 Dodging
 - Level 1.7 Stealth
 + Level 2.0 Unarmed Combat
 + Level 6.8 Spellcasting
 * Level 9.5 Transmutations
 - Level 4.9 Poison Magic
 + Level 7.4 Invocations


You had 5 spell levels left.
You knew the following spells:

 Your Spells              Type           Power      Damage    Failure   Level
a - Olgreb's Toxic Radia  Pois           23%        N/A       3%          4
b - Poisonous Vapours     Pois/Air       28%        N/A       1%          2
c - Ignite Poison         Fire/Tmut/Pois 23%        N/A       1%          3
d - Wereblood             Tmut           39%        N/A       1%          2
e - Dragon Form           Tmut           19%        N/A       41%         7

Your spell library contained the following spells:

 Spells                   Type           Power      Damage    Failure   Level
 Beastly Appendage        Tmut           78%        N/A       1%          1
 Sting                    Tmut/Pois      100%       1d8       1%          1
 Passwall                 Tmut/Erth      18%        N/A       1%          2
 Spider Form              Tmut/Pois      31%        N/A       1%          3
 Ice Form                 Ice/Tmut       22%        N/A       3%          4
 Petrify                  Tmut/Erth      22%        N/A       3%          4
 Sublimation of Blood     Necr           6%         N/A       4%          2
 Mephitic Cloud           Conj/Pois/Air  11%        N/A       4%          3
 Confusing Touch          Hex            6%         N/A       9%          3
 Swiftness                Air            6%         N/A       9%          3
 Irradiate                Conj/Tmut      11%        3d17      11%         5
 Yara's Violent Unravell  Hex/Tmut       11%        3d6       11%         5
 Enfeeble                 Hex            3%         N/A       100%        7
 Chain Lightning          Conj/Air       3%         3d4       100%        9
 Fire Storm               Conj/Fire      3%         8d1       100%        9
 Shatter                  Erth           3%         3d7*      100%        9


Dungeon Overview and Level Annotations

Branches:
Dungeon (10/15)            Temple (0/1) D:4            Lair (0/6) D:10
 Bailey (visited)
    Orc: D:9-12

Altars:
Cheibriados
Sif Muna
Trog
The Shining One

Shops:
D:2 =   D:6 *   D:7 :(*

Annotations:
D:10 Snorg


Innate Abilities, Weirdness & Mutations

You are a fearsome ice dragon!
You have a powerful clawing attack.
Your giant scaled body is strong and resiliant, but less evasive.
Your breath weapon is enhanced in this form.
You are flying.
Your maximum health is greatly increased.
Your armour is entirely melded.
You are incapable of wielding weapons or throwing items.
You can breathe waves of freezing cold which knock back foes.
Your icy white scales are hard. (AC +7)
You cannot fit into any form of body armour.
((Your flesh is cold resistant. (rC+)))
((You are cold-blooded and may be slowed by cold attacks.))
((You are covered in fur. (AC +1)))
Your spells are a little easier to cast, but a little less powerful.


Message History

Confirm with . or Enter, or press ? or * to list all spells.
The spell is quite dangerous to miscast (41% risk of failure)!
Continue anyway?
You turn into a fearsome ice dragon!
Your +7 great sword of protection melds into your body.
Your +2 cloak melds into your body.
Your +2 hat melds into your body.
The +0 pair of boots "Echuhuub" {rElec rPois Will- Str+4} melds into your body.
Your +7 great sword of protection goes still.
Snorg bites you! Snorg claws you. Snorg barely misses you. Snorg bites you!
* * * LOW HITPOINT WARNING * * *
Snorg claws you but does no damage. x2
You maul Snorg!!!
Snorg is severely wounded.
You hear a howl!
Snorg bites you but does no damage. Snorg barely misses you.
Snorg claws you but does no damage.
You hit Snorg. You tail-slap Snorg.
Snorg is severely wounded.
Snorg bites you but does no damage. Snorg closely misses you. Snorg claws you.
* * * LOW HITPOINT WARNING * * *
Snorg bites you!!
* * * LOW HITPOINT WARNING * * *
Snorg claws you!
* * * LOW HITPOINT WARNING * * *
Snorg barely misses you.
Okay, then.
Aiming: Breathe Frost (0% risk of failure)
Press: ? - help, Q - select action, (/) - cycle Shift-Dir - straight line, f/p - Snorg
Aim: Snorg (severely wounded, berserk, haloed, 82% to hit)
You exhale a wave of freezing cold.
The freezing breath hits Snorg!
Snorg is almost dead.
Snorg bites you.
* * * LOW HITPOINT WARNING * * *
Snorg claws you but does no damage. x2
You claw Snorg! You tail-slap Snorg.
Snorg is almost dead.
Snorg bites you but does no damage. Snorg claws you but does no damage.
Snorg barely misses you. Snorg bites you.
* * * LOW HITPOINT WARNING * * *
Snorg claws you!
You die...

≈≈≈..≈≈≈...# ≈.....≈≈≈..#
≈≈....≈≈≈..# ≈≈....≈≈.≈.#
≈≈.>.≈.≈≈..# ≈≈....≈≈≈..#
#######+## ≈.≈.≈.≈≈≈≈.####
#........# ≈≈≈≈≈≈≈≈†..[T.#
#........+
..≈≈≈≈≈≈≈≈≈...##D####........#
..≈≈≈≈≈.≈≈≈≈≈.##..÷)'........#
.≈≈.≈≈≈≈.≈....#######........#
.≈≈≈...≈.≈....# #####'####
.....≈........# ##.#
..............# #..#
#...######.### ##.## ###+##
#.# ##..# .....# #.# #..##


You could see Snorg (berserk).

Vanquished Creatures
  A boulder beetle (D:8)
  A two-headed ogre (D:8)
  Urug (D:10)
  A cyclops (D:7)
  4 centaur zombies
  An unseen horror (D:10)
  Grinder (D:3)
  2 trolls (D:10)
  Sigmund (D:4)
  4 yaks (D:10)
  A water moccasin (D:8)
  Duvessa (D:4)
  3 orc warriors
  A black bear (D:5)
  A hornet zombie (D:6)
  2 sky beasts (D:5)
  4 ogres
  4 wolves
  3 centaurs
  2 bullfrogs
  7 gnoll sergeants (Bailey)
  2 kobold brigands
  2 scorpions (D:10)
  A wyvern skeleton (D:7)
  Dowan (D:4)
  A water moccasin skeleton (D:5)
  14 killer bees
  3 electric eels (D:10)
  A howler monkey (D:10)
  8 hounds
  A centaur skeleton (D:4)
  2 bullfrog skeletons (D:5)
  3 jellies
  3 orc priests
  Crazy Yiuf (D:3)
  5 gnoll shamans (Bailey)
  8 iguanas
  Ijyb (D:4)
  Terence (D:3)
  4 orc wizards
  2 scorpion zombies (D:5)
  Natasha (twice) (D:4)
  2 hound zombies (D:5)
  A howler monkey zombie (D:9)
  16 gnolls
  A howler monkey skeleton (D:6)
  9 adders
  A white imp (D:6)
  An ufetubus (D:5)
  3 dart slugs
  18 orcs
  4 endoplasms
  4 giant cockroaches (D:2)
  6 goblins
  4 hobgoblins
  4 quokkas
  8 ball pythons
  8 bats
  4 frilled lizards (D:2)
  16 kobolds
  3 rats
225 creatures vanquished.

Notes
Turn   | Place    | Note
-------+----------+-------------------------------------------
     0 | D:1      | tizbic2 the Draconian Venom Mage began the quest for the
                  | Orb.
     0 | D:1      | Reached XP level 1. HP: 14/14 MP: 3/3
   557 | D:1      | Found a faded altar of an unknown god.
   579 | D:1      | Prayed at the altar of an unknown god.
   579 | D:1      | Became a worshipper of the Shining One
   579 | D:1      | Reached * piety under the Shining One
   670 | D:1      | Reached XP level 2. HP: 20/20 MP: 5/5
  1067 | D:2      | Reached XP level 3. HP: 18/26 MP: 2/6
  1237 | D:2      | Got Vuampyz's Reference Book on Changing
  1241 | D:2      | Learned a level 2 spell: Poisonous Vapours
  1507 | D:2      | Found Cebioc's Jewellery Shop.
  1525 | D:2      | Reached ** piety under the Shining One
  1824 | D:2      | Learned a level 3 spell: Ignite Poison
  2228 | D:3      | Reached skill level 1 in Long Blades
  2228 | D:3      | Reached XP level 4. HP: 25/33 MP: 7/7
  2230 | D:3      | Reached skill level 1 in Invocations
  2510 | D:3      | Reached XP level 5. HP: 38/38 MP: 9/9
  2530 | D:3      | Noticed Grinder
  2535 | D:3      | Paralysed by Grinder for 3 turns
  2549 | D:3      | Killed Grinder
  2550 | D:3      | Reached skill level 2 in Transmutations
  2550 | D:3      | Reached XP level 6. HP: 20/45 MP: 10/10
  2736 | D:3      | Learned a level 2 spell: Wereblood
  2751 | D:3      | Noticed Terence
  2762 | D:3      | Killed Terence
  2836 | D:3      | Found a runed translucent door.
  2837 | D:3      | Noticed Crazy Yiuf
  2843 | D:3      | Killed Crazy Yiuf
  3053 | D:4      | Noticed Duvessa
  3053 | D:4      | Noticed Dowan
  3056 | D:4      | Noticed Ijyb
  3149 | D:4      | Killed Ijyb
  3158 | D:4      | Killed Duvessa
  3159 | D:4      | Your scales start taking on an icy white colour.
  3159 | D:4      | Reached XP level 7. HP: 48/50 MP: 4/12
  3159 | D:4      | Gained mutation: Your flesh is cold resistant. (rC+) [White
                  | Draconian growth]
  3163 | D:4      | Killed Dowan
  3334 | D:4      | Reached skill level 3 in Transmutations
  3342 | D:4      | Noticed Sigmund
  3349 | D:4      | Killed Sigmund
  3421 | D:4      | Noticed Natasha
  3427 | D:4      | Killed Natasha
  3459 | D:4      | Found a staircase to the Ecumenical Temple.
  3636 | D:4      | Noticed Natasha
  3641 | D:4      | Killed Natasha
  3642 | D:4      | Reached XP level 8. HP: 55/57 MP: 12/14
  3652 | D:5      | Entered Level 5 of the Dungeon
  3676 | D:5      | Reached skill level 4 in Transmutations
  3712 | D:5      | Reached skill level 5 in Long Blades
  3785 | D:5      | Identified the +5 flail of Vefuwemm {freeze, Fragile rElec
                  | Int+3}
  3860 | D:5      | Reached *** piety under the Shining One
  3912 | D:5      | Reached skill level 5 in Transmutations
  4342 | D:6      | Gained mutation: Your spells are a little easier to cast,
                  | but a little less powerful. [potion of mutation]
  4342 | D:6      | Gained mutation: You are covered in fur. (AC +1) [potion of
                  | mutation]
  4375 | D:6      | Reached XP level 9. HP: 62/62 MP: 3/16
  4588 | D:6      | Found Inuyrgh's Assorted Antiques.
  4601 | D:6      | Bought a pair of glimmering boots for 171 gold pieces
  4601 | D:6      | Identified the +0 pair of boots "Echuhuub" {rElec rPois
                  | Will- Str+4} (You bought it in a shop on level 6 of the
                  | Dungeon)
  4766 | D:6      | Reached skill level 6 in Transmutations
  4898 | D:6      | Bought an orange potion for 16 gold pieces
  4898 | D:6      | Bought a worn bone wand for 72 gold pieces
  4898 | D:6      | Bought a lumpy white potion for 16 gold pieces
  4938 | D:7      | Noticed a cyclops
  4940 | D:7      | Reached skill level 5 in Spellcasting
  5190 | D:7      | Found Doasiny's Assorted Antiques.
  5209 | D:7      | Reached skill level 5 in Invocations
  5279 | D:7      | Found Muigg's Antique Weapon Shop.
  5282 | D:7      | Found Qucuinti's Book Boutique.
  5355 | D:7      | Reached skill level 1 in Fighting
  5385 | D:7      | Reached **** piety under the Shining One
  5466 | D:7      | Killed a cyclops
  5467 | D:7      | Reached skill level 7 in Transmutations
  5727 | D:7      | Found a snail-covered altar of Cheibriados.
  5741 | D:7      | Found a shimmering blue altar of Sif Muna.
  5948 | D:7      | Bought a brass ring for 90 gold pieces
  6281 | D:8      | Noticed a two-headed ogre
  6295 | D:8      | Killed a two-headed ogre
  6296 | D:8      | Reached XP level 10. HP: 35/77 MP: 14/18
  6503 | D:8      | Noticed a boulder beetle
  6518 | D:8      | Killed a boulder beetle
  6519 | D:8      | Reached skill level 8 in Transmutations
  6767 | D:8      | Learned a level 4 spell: Olgreb's Toxic Radiance
  6924 | D:9      | Found a flagged portal.
  6937 | Bailey   | Entered a bailey
  7535 | Bailey   | Got Mixzimmo's Collected Works on the Mutagenic Birds
  7726 | D:2      | Bought a +6 ring of intelligence for 585 gold pieces
  8294 | D:9      | Learned a level 7 spell: Dragon Form
  8360 | D:10     | Entered Level 10 of the Dungeon
  8391 | D:10     | Reached skill level 9 in Transmutations
  8415 | D:10     | Reached skill level 1 in Unarmed Combat
  8430 | D:10     | Found a bloodstained altar of Trog.
  8444 | D:10     | Reached XP level 11. HP: 57/85 MP: 20/20
  8447 | D:10     | Reached skill level 5 in Fighting
  8545 | D:10     | Found a staircase to the Lair.
  8545 | D:10     | Reached ***** piety under the Shining One
  8545 | D:10     | Noticed Urug
  8575 | D:10     | Killed Urug
  8857 | D:10     | Noticed Snorg
  8871 | D:10     | HP: 6/132 [Snorg (2)]
  8872 | D:10     | HP: 2/132 [Snorg (5)]
  8872 | D:10     | Mangled by Snorg

Illustrated notes

Levels and vault maps discovered:
D:1:      roderic_dead_forest, layout_loops_ring,
          dreamdust_ecumenical_altar_grove, minmay_misc_feat_alley,
          columned_hall_lemuel
D:2:      minmay_razor_zed, layout_loops_ring, serial_shops, shop_statue,
          kennysheep_generic_room_15
D:3:      minmay_goblin_kobold_castle, layout_basic, cheibrodos_gnoll_hut,
          uniq_grinder, uniq_terence, uniq_crazy_yiuf_cottage
D:4:      minmay_spotlight, layout_cave_pools,
          minmay_temple_entry_statues_pillars, uniq_duvessa, uniq_natasha,
          uniq_sigmund, uniq_ijyb
D:5:      wad_river_or_something, layout_rooms
D:6:      layout_loops_cross, serial_shops, shop, minivault_11
D:7:      layout_cave_pools, mainiacjoe_overflow_large_starburst, serial_shops,
          shop_coins, nicolae_shop_advertising_works
          [nicolae_subvault_shop_adworks], shop
D:8:      layout_loops_ring
D:9:      layout_cross, enter_bailey_2, kennysheep_nub
D:10:     layout_roguey, trog_butcher_becter, old_standard_altar,
          erik_lair_island, uniq_snorg, uniq_urug, uniq_erica

Skill      XL: |  1  2  3  4  5  6  7  8  9 10 11 |
---------------+----------------------------------+-----
Dodging        | 2 |  2.2
Long Blades    | 1 2 3 4 6 7 8 |  8.5
Poison Magic   | 4 |  4.9
Invocations    | 1 2 3 4 6 7 |  7.4
Spellcasting   | 3 4 5 6 |  6.8
Transmutations | 2 3 5 7 9 |  9.5
Fighting       | 3 4 5 |  5.2
Unarmed Combat | 1 2 |  2.0
Stealth        | |  1.7

Action                   |  1- 3 |  4- 6 |  7- 9 | 10-12 || total
-------------------------+-------+-------+-------+-------++-------
Melee: Whip              |    11 |       |       |       ||    11
       Club              |    41 |       |       |       ||    41
       Tailslap          |     8 |     5 |    21 |    13 ||    47
       Great sword       |    27 |    32 |   191 |   126 ||   376
       Unarmed           |       |       |       |     3 ||     3
 Cast: Sting             |    16 |       |     2 |       ||    18
       Poisonous Vapours |     1 |     4 |    27 |     7 ||    39
       Ignite Poison     |       |     1 |     6 |     8 ||    15
       Olgreb's Toxic Ra |       |       |       |     7 ||     7
       Wereblood         |       |       |       |     3 ||     3
       Dragon Form       |       |       |       |     2 ||     2
 Abil: Breathe Frost     |       |       |    10 |     4 ||    14
  Use: Scroll            |       |     5 |    15 |       ||    20
       Potion            |       |       |     1 |     9 ||    10
 Stab: Sleeping          |     2 |       |       |       ||     2
Armor: Skin              |    42 |    26 |   163 |   146 ||   377
Dodge: Dodged            |    75 |    23 |   170 |   191 ||   459
